 Dungeon Crawl Stone Soup version 0.23.0-3-gf3c87f2df8 (webtiles) character file.

Game seed: 6917499852620316536

79 PentaManta the Cutter (level 4, -2/30 HPs)
             Began as a Kobold Monk on Feb 20, 2019.
             Slain by a scorpion (7 damage)
             ... on level 2 of the Dungeon.
             The game lasted 00:10:22 (2738 turns).

PentaManta the Cutter (Kobold Monk)                 Turns: 2738, Time: 00:10:23

Health: -2/30      AC:  3    Str:  8    XL:     4   Next: 62%
Magic:  4/4        EV: 16    Int: 11    God:
Gold:   68         SH:  0    Dex: 18    Spells: 3/3 levels left

rFire    . . .     SeeInvis .   a - +0 short sword
rCold    . . .     Gourm    .   (shield restricted)
rNeg     . . .     Faith    .   b - +0 robe
rPois    +         Spirit   .   (no helmet)
rElec    .         Reflect  .   g - +0 cloak
rCorr    .         Harm     .   (no gloves)
MR       .....                  (no boots)
Stlth    ++........             (no amulet)
HPRegen  0.10/turn              l - ring of poison resistance
MPRegen  0.09/turn              (no ring)

@: no status effects
A: small, carnivore
a: no special abilities


You were on level 2 of the Dungeon.
You were completely stuffed.

You visited 1 branch of the dungeon, and saw 3 of its levels.

You collected 68 gold pieces.

Inventory:

Hand Weapons
 a - a +0 short sword (weapon)
Missiles
 h - 11 poisoned needles
Armour
 b - a +0 robe (worn)
 g - a +0 cloak (worn)
Jewellery
 l - a ring of poison resistance (left hand)
Potions
 d - 2 potions of invisibility
 e - a potion of magic
 f - a potion of mutation {unknown}
 i - a potion of curing
 k - a potion of flight
Comestibles
 c - 5 rations


   Skills:
 + Level 4.5 Fighting
 + Level 5.5 Short Blades
 - Level 3.6 Dodging
 - Level 2.6 Stealth


You had 3 spell levels left.
You didn't know any spells.
Your spell library was empty.

Dungeon Overview and Level Annotations

Branches:
Dungeon (3/15)

Altars:
Hepliaklqana
Trog
Uskayaw
The Shining One


Innate Abilities, Weirdness & Mutations

You are small and have problems with some larger weapons.
You are carnivorous and can eat meat at any time.


Message History

The scorpion is severely wounded.
You barely miss the scorpion.
The scorpion is severely wounded.
The scorpion closely misses you.
You hit the scorpion but do no damage.
The scorpion is severely wounded.
The scorpion stings you.
* * * LOW HITPOINT WARNING * * *
You closely miss the scorpion.
The scorpion is severely wounded.
The scorpion closely misses you.
You hit the scorpion.
The scorpion is severely wounded.
The scorpion barely misses you.
You completely miss the scorpion.
The scorpion is severely wounded.
You closely miss the scorpion.
The scorpion is severely wounded.
The scorpion stings you!
You die...

#############.########
#.....................
##................#...#
#####.................'...+
####...#.................#...#
#......#...########......#...#
#......#.......######'####...#
#<.......)....................
#............@................
#............s..##....#.#.....
#.....#....#....##....#.......
#.....#....#....##'#........#.
#.....#....#..................
#.....###+##....#.....###.....
#.....###.##..................
###....##.##..........##...###
#....##'##..........##...###


You could see a scorpion.

Vanquished Creatures
  3 adders (D:2)
  A worm (D:2)
  2 dart slugs
  2 leopard geckos
  6 bats
  2 giant cockroaches
  8 goblins
  4 hobgoblins
  3 jackals (D:1)
  3 kobolds
  A ball python (D:2)
  3 frilled lizards (D:1)
  4 rats
42 creatures vanquished.

Notes
Turn   | Place    | Note
-------+----------+-------------------------------------------
     0 | D:1      | PentaManta the Kobold Monk began the quest for the Orb.
     0 | D:1      | Reached XP level 1. HP: 14/14 MP: 1/1
   173 | D:1      | Reached XP level 2. HP: 10/19 MP: 2/2
   629 | D:1      | Reached XP level 3. HP: 23/24 MP: 3/3
  1476 | D:2      | Reached skill level 5 in Short Blades
  1806 | D:2      | Reached XP level 4. HP: 19/30 MP: 4/4
  2076 | D:2      | Found a glowing golden altar of the Shining One.
  2076 | D:2      | Found a bloodstained altar of Trog.
  2461 | D:2      | Found a hide-covered altar of Uskayaw.
  2461 | D:2      | Found a hazy altar of Hepliaklqana.
  2727 | D:2      | HP: 1/30 [scorpion (4)]
  2738 | D:2      | Slain by a scorpion

Skill      XL: |  1  2  3 |
---------------+----------+-----
Fighting       | 4 |  4.5
Short Blades   | 5 |  5.5
Dodging        | |  3.6
Stealth        | |  2.6

Action                   |  1- 3 |  4- 6 || total
-------------------------+-------+-------++-------
Melee: Short sword       |   157 |    84 ||   241
  Use: Scroll            |     7 |     3 ||    10
       Potion            |     1 |     1 ||     2
 Stab: Sleeping          |     6 |     1 ||     7
  Eat: Chunk             |    10 |     4 ||    14
Armor: Robe              |    25 |     7 ||    32
Dodge: Dodged            |   124 |    43 ||   167
